 Dungeon Crawl Stone Soup version 0.29.1-13-g9f3cf754e1 (webtiles) character file.

Game seed: 4477463059803894209

17714 Anriel the Martial Artist (level 10, -10/82 HPs)
             Began as a Demonspawn Monk on Feb 10, 2023.
             Was a High Priest of Ru.
             Mangled by an ogre
             ... wielding a +0 giant club
             ... led by Lodul
              (21 damage)
             ... on level 11 of the Dungeon.
             The game lasted 01:31:02 (11354 turns).

Anriel the Martial Artist (Demonspawn Monk)        Turns: 11354, Time: 01:31:04

Health: -10/82     AC: 12    Str: 17    XL:     10   Next: 21%
Magic:  0/24       EV: 18    Int: 12    God:    Ru [*****.]
Gold:   352        SH:  0    Dex: 18    Spells: 15/16 levels left

rFire   + . .      SeeInvis .     - Unarmed
rCold   . . .      Faith    .   (no shield)
rNeg    . . .      Spirit   +   B - +2 leather armour of Imuc {rF+ Int+2 Stlth+}
rPois   .          Reflect  .   j - +1 hat
rElec   .          Harm     .   l - +2 cloak
rCorr   .          Rampage  .   p - +0 pair of gloves
Will    .....                   d - +0 pair of boots
Stlth   ++........              I - amulet of the acrobat
HPRegen 0.23/turn               A - ring of magical power
MPRegen 0.38/turn               (no ring)

@: confused, exhausted
A: hooves 2, rugged brown scales 1, ignite blood 1, magic shield, magic
regeneration, inability to train armour, inexperienced 2, horns 1, strong 1,
sturdy frame 1
a: Renounce Religion, Draw Out Power, Power Leap, Apocalypse


You were on level 11 of the Dungeon.
You worshipped Ru.
Ru was extremely pleased with you.
You visited 2 branches of the dungeon, and saw 12 of its levels.

You collected 638 gold pieces.
You spent 286 gold pieces at shops.

Inventory:

Hand Weapons
 t - a +0 quarterstaff of flaming
 u - the +7 dagger "Sionk" {vamp, Int-2 Dex+4}
   (You found it on level 5 of the Dungeon)

   It occasionally heals its wielder for a portion of the damage dealt when it
   wounds a living foe.
   Int:       It affects your intelligence (-2).
   Dex:       It affects your dexterity (+4).
 H - a +0 longbow
Missiles
 a - 4 javelins
 o - a throwing net (quivered)
Armour
 b - +0 steam dragon scales
 d - a +0 pair of boots (worn)
 j - a +1 hat (worn)
 l - a +2 cloak (worn)
 n - a scarf of repulsion
 p - a +0 pair of gloves (worn)
 z - a +1 robe of cold resistance
 B - the +2 leather armour of Imuc (worn) {rF+ Int+2 Stlth+}
   (You found it on level 6 of the Dungeon)

   Int:       It affects your intelligence (+2).
   rF:        It protects you from fire.
   Stlth:     It makes you more stealthy.
 M - +0 acid dragon scales
Magical Staves
 m - a staff of air
 K - a staff of death
Jewellery
 r - an amulet of guardian spirit
 w - a ring of wizardry
 A - a ring of magical power (left hand)
 I - an amulet of the acrobat (around neck)
 N - an amulet of faith
Wands
 c - a wand of digging (13)
 e - a wand of flame (14)
 C - a wand of mindburst (3)
 D - a wand of polymorph (10)
 J - a wand of roots (17)
Scrolls
 f - 3 scrolls of blinking
 i - 2 scrolls of magic mapping
 q - a scroll of summoning
 G - a scroll of fog
 L - a scroll of identify
 O - a scroll of teleportation
Potions
 g - 2 potions of curing
 h - a potion of lignification
 k - 2 potions of brilliance
 s - a potion of attraction
 v - 2 potions of flight
 x - a potion of heal wounds
 E - a potion of mutation
 F - 2 potions of cancellation
Miscellaneous
 y - a piece from Xom's chessboard (15/15)


   Skills:
 - Level 8.2 Fighting
 - Level 4.0 Short Blades
 - Level 6.0 Throwing
 + Level 9.3 Dodging
 - Level 4.3 Stealth
 * Level 9.6 Unarmed Combat
 - Level 3.5 Spellcasting
 - Level 3.3 Fire Magic
 + Level 6.9 Evocations


You had 15 spell levels left.
You knew the following spells:

 Your Spells              Type           Power      Damage    Failure   Level
a - Foxfire               Conj/Fire      24%        2x1d5     12%         1

Your spell library contained the following spells:

 Spells                   Type           Power      Damage    Failure   Level
 Sublimation of Blood     Necr           2%         N/A       36%         2
 Wereblood                Tmut           2%         N/A       36%         2
 Conjure Flame            Conj/Fire      6%         6-21      36%         3
 Inner Flame              Hex/Fire       6%         N/A       36%         3
 Flame Wave               Conj/Fire      6%         2d5       77%         4
 Cause Fear               Hex            1%         N/A       94%         4
 Dragon Form              Tmut           1%         N/A       100%        7
 Summon Hydra             Summ           1%         N/A       100%        7
 Chain Lightning          Conj/Air       1%         3d1       100%        9
 Dragon's Call            Summ           1%         N/A       100%        9
 Fire Storm               Conj/Fire      3%         8d1       100%        9
 Shatter                  Erth           1%         3d5*      100%        9


Dungeon Overview and Level Annotations

Branches:
Dungeon (11/15)            Temple (1/1) D:5            Lair (0/5) D:9
    Orc: D:9-12

Altars:
Ashenzari
Cheibriados
Dithmenos
Fedhas
Gozag
Hepliaklqana
Kikubaaqudgha
Makhleb
Nemelex Xobeh
Okawaru
Qazlal
Ru
Sif Muna
Trog
Uskayaw
Vehumet
Wu Jian
Xom
Yredelemnul

Shops:
D:2 !   D:9 *

Annotations:
D:11 Lodul


Innate Abilities, Weirdness & Mutations

You have hoof-like feet.
You are partially covered in rugged brown scales. (AC +1, +3% HP)
Your demonic aura sometimes causes spilled blood to erupt in flames.
When hurt, damage is shared between your health and your magic reserves.
You regenerate magic rapidly.
You cannot train Armour skill.
You are inexperienced. (-2 XL)
You have a pair of small horns on your head.
Your muscles are strong. (Str +4, Int/Dex -1)
Your movements are slightly less encumbered by armour. (ER -2)


Message History

The ogre is moderately wounded.
The ogre hits you with a +0 giant club. Something hits you but does no damage.
Something bites you but does no damage.
Electricity crackles from Lodul's apparatus.
The bolt of lightning misses you.
The ogre is stunned by your conviction and fails to attack.
You hit something but do no damage. The ogre misses you.
You miss something. Your headbutt misses something.
Electricity crackles from Lodul's apparatus.
The bolt of lightning hits you!!
You redirect the ogre's attack!
The ogre barely misses itself.
The ogre is stunned by your conviction and fails to attack.
The ogre completely misses you.
You're too confused to move!
You feel less confused.
Electricity crackles from Lodul's apparatus.
The bolt of lightning misses you. The ogre closely misses you. x2
You hear some strange, mumbled words.
You are confused.
The ogre misses you. x2
You're too confused to move!
Something barely misses you. Something bites you but does no damage.
The ogre hits you with a +0 giant spiked club!
You redirect the ogre's attack!
The ogre hits the ogre with a +0 giant club!
You bump into the rock wall.
Electricity crackles from Lodul's apparatus.
The bolt of lightning misses you. The ogre hits you with a +0 giant club!
* * * LOW HITPOINT WARNING * * *
You focus your inner power and slow the ogre in retribution!
Something completely misses you. Something bites you but does no damage.
The ogre completely misses you.
You're too confused to move!
The ogre closely misses you.
The ogre hits you with a +0 giant spiked club!
* * * LOW HITPOINT WARNING * * *
Something hits you but does no damage. Something barely misses you.
The ogre closely misses you.
The ogre is engulfed in blazing flames.
The ogre hits you with a +0 giant club!!
You die...

......... ...
....<.... ... #.
#........ #..# #..
#........ #..# #..
#........ #..
#........
#..######).......
#####.......OOO.O....
............{@O......
..........#########..
..........#
########..# #..# #..#
#########..#########..
#.....................
#######.#####.........


You could see Lodul and 4 ogres.

Vanquished Creatures
  A hydra (D:8)
  2 boulder beetles (D:10)
  2 centaur warriors
  An ogre mage (D:10)
  5 two-headed ogres
  A wizard (D:10)
  A deep elf pyromancer (D:10)
  2 cyclopes
  A manticore (D:10)
  An efreet (D:10)
  A gargoyle (D:11)
  A yaktaur (D:10)
  A troll (D:8)
  A queen bee (shapeshifter) (D:10)
  A hornet (D:9)
  4 slime creatures
  A shadow (D:9)
  A vampire (D:9)
  A yak (shapeshifter) (D:8)
  5 wyverns
  8 yaks
  A steam dragon (D:9)
  8 vampire mosquitoes
  2 acid dragons
  A water moccasin (D:7)
  2 sky beasts
  A black bear (D:5)
  A boggart (D:10)
  A centaur (D:6)
  7 ogres
  3 ice beasts
  5 kobold brigands
  2 phantoms (D:6)
  Blork the orc (D:5)
  2 bullfrogs (D:8)
  2 scorpions
  2 gnoll sergeants
  7 howler monkeys
  3 hounds
  A jelly (D:5)
  3 gnoll boudas
  3 orc priests
  3 orc wizards
  6 iguanas
  29 gnolls
  4 adders
  2 white imps
  3 ufetubi
  2 worms
  3 dart slugs
  18 orcs
  A ball python (D:2)
  4 bats
  5 endoplasms
  2 giant cockroaches
  7 goblins
  5 hobgoblins
  2 quokkas
  A frilled lizard (D:1)
  25 kobolds
  5 rats
  A butterfly (D:6)
228 creatures vanquished.

Vanquished Creatures (others)
  A sky beast (D:7)
  A human (D:5)
  A centaur (D:6)
  A kobold (D:9)
  103 foxfires
  13 plants
120 creatures vanquished.

Grand Total: 348 creatures vanquished

Notes
Turn   | Place    | Note
-------+----------+-------------------------------------------
     0 | D:1      | Anriel the Demonspawn Monk began the quest for the Orb.
     0 | D:1      | Reached XP level 1. HP: 18/18 MP: 1/1
   351 | D:1      | Gained mutation: You have large cloven feet. [demonic
                  | ancestry]
   351 | D:1      | Reached XP level 2. HP: 24/24 MP: 2/2
  1186 | D:2      | Gained mutation: You are partially covered in rugged brown
                  | scales. (AC +1, +3% HP) [demonic ancestry]
  1186 | D:2      | Reached XP level 3. HP: 19/29 MP: 3/3
  1206 | D:2      | Found Foufaoq's Distillery.
  1229 | D:2      | Bought a potion of heal wounds for 65 gold pieces
  1851 | D:3      | Found a hazy altar of Hepliaklqana.
  2142 | D:3      | Noticed a scorpion
  2165 | D:3      | Found a faded altar of an unknown god.
  2176 | D:3      | Killed a scorpion
  2177 | D:3      | Reached XP level 4. HP: 23/37 MP: 4/4
  2451 | D:4      | Gained mutation: You regenerate magic rapidly. [demonic
                  | ancestry]
  2451 | D:4      | Reached XP level 5. HP: 20/43 MP: 2/5
  2941 | D:5      | Entered Level 5 of the Dungeon
  2941 | D:5      | Noticed an ogre
  2944 | D:5      | Noticed an ogre
  2946 | D:5      | Killed an ogre
  2953 | D:5      | Killed an ogre
  2954 | D:5      | Reached XP level 6. HP: 49/49 MP: 6/6
  3136 | D:5      | Found a sacrificial altar of Ru.
  3193 | D:5      | Became a worshipper of Ru the Awakened
  3199 | D:5      | Gained mutation: You cannot train Armour skill. [Ru
                  | sacrifice]
  3199 | D:5      | Reached * piety under Ru
  3238 | D:5      | Learned a level 1 spell: Foxfire
  3245 | D:5      | Identified the +7 dagger "Sionk" {vamp, Int-2 Dex+4}
  3285 | D:5      | Found a staircase to the Ecumenical Temple.
  3287 | Temple   | Entered the Ecumenical Temple
  3823 | D:5      | Gained mutation: You have hoof-like feet. [demonic
                  | ancestry]
  3823 | D:5      | Reached XP level 7. HP: 56/56 MP: 7/7
  3875 | D:5      | Found an ancient bone altar of Kikubaaqudgha.
  3884 | D:5      | Noticed Blork the orc
  3902 | D:5      | Killed Blork the orc
  4183 | D:5      | Noticed a human
  4187 | D:5      | Killed a human
  4394 | D:6      | Reached skill level 5 in Unarmed Combat
  4468 | D:6      | Reached skill level 5 in Dodging
  4733 | D:6      | Reached skill level 5 in Fighting
  4768 | D:6      | Found a shimmering altar of Xom.
  4831 | D:6      | Noticed a cyclops
  4890 | D:6      | Identified the +2 leather armour of Imuc {rF+ Int+2 Stlth+}
  4914 | D:6      | Gained mutation: Your demonic aura sometimes causes spilled
                  | blood to erupt in flames. [demonic ancestry]
  4914 | D:6      | Reached XP level 8. HP: 56/63 MP: 7/9
  4979 | D:6      | Reached skill level 1 in Spellcasting
  5458 | D:7      | Reached skill level 1 in Fire Magic
  5772 | D:7      | Found an ornate altar of the Wu Jian Council.
  5916 | D:7      | Gained mutation: When hurt, damage is shared between your
                  | health and your magic reserves. [demonic ancestry]
  5916 | D:7      | Reached XP level 9. HP: 62/70 MP: 13/13
  6637 | D:6      | HP: 3/70 [cyclops/large rock (17)]
  6762 | D:2      | Bought a potion of heal wounds for 65 gold pieces
  6762 | D:2      | Bought a potion of curing for 39 gold pieces
  6762 | D:2      | Bought a potion of brilliance for 52 gold pieces
  6762 | D:2      | Bought a potion of heal wounds for 65 gold pieces
  7106 | D:8      | Noticed a two-headed ogre
  7145 | D:8      | Gained mutation: You are somewhat inexperienced. (-1 XL)
                  | [Ru sacrifice]
  7145 | D:8      | Reached XP level 8. HP: 63/63 MP: 13/13
  7145 | D:8      | Reached ** piety under Ru
  7145 | D:8      | Reached *** piety under Ru
  7293 | D:8      | Gained mutation: Your movements are slightly less
                  | encumbered by armour. (ER -2) [potion of mutation]
  7293 | D:8      | Gained mutation: Your muscles are strong. (Str +4, Int/Dex
                  | -1) [potion of mutation]
  7293 | D:8      | Gained mutation: You have a pair of small horns on your
                  | head. [potion of mutation]
  7599 | D:8      | Reached skill level 1 in Short Blades
  7786 | D:8      | Noticed a troll
  7786 | D:8      | Noticed a two-headed ogre
  7800 | D:8      | Killed a two-headed ogre
  7810 | D:8      | Noticed a six-headed hydra
  7810 | D:8      | Noticed a two-headed ogre
  7824 | D:8      | Killed a two-headed ogre
  7825 | D:8      | Reached XP level 9. HP: 27/70 MP: 8/14
  7841 | D:8      | HP: 3/105 [six-headed hydra (7)]
  7842 | D:8      | Killed a six-headed hydra
  8115 | D:8      | Noticed a salamander
  8115 | D:8      | a wind drake changed into a salamander
  8169 | D:8      | a salamander changed into a spriggan
  8441 | D:8      | Killed a two-headed ogre
  8617 | D:6      | Killed a cyclops
  8654 | D:9      | Noticed a centaur warrior
  8718 | D:9      | Reached skill level 1 in Throwing
  8718 | D:9      | Reached skill level 1 in Evocations
  8895 | D:9      | Reached XP level 10. HP: 39/74 MP: 15/15
  8939 | D:9      | Killed a centaur warrior
  8962 | D:9      | Found Arahon's Elemental Accessories.
  9158 | D:9      | Noticed a two-headed ogre
  9173 | D:9      | Killed a two-headed ogre
  9199 | D:9      | Found a staircase to the Lair.
  9494 | D:9      | Found a shadowy altar of Dithmenos.
  9602 | D:9      | Paralysed by a hornet for 3 turns
  9913 | D:9      | Gained mutation: You are inexperienced. (-2 XL) [Ru
                  | sacrifice]
  9913 | D:9      | Reached XP level 9. HP: 73/73 MP: 23/23
  9913 | D:9      | Reached **** piety under Ru
  9913 | D:9      | Reached ***** piety under Ru
  9958 | D:10     | Entered Level 10 of the Dungeon
 10464 | D:10     | Noticed a boulder beetle
 10464 | D:10     | Noticed a boulder beetle
 10464 | D:10     | Noticed an ogre mage
 10465 | D:10     | Noticed a centaur warrior
 10465 | D:10     | Noticed a wizard
 10465 | D:10     | Noticed a deep elf pyromancer
 10466 | D:10     | Killed a wizard
 10466 | D:10     | Killed a deep elf pyromancer
 10466 | D:10     | Killed a centaur warrior
 10467 | D:10     | Reached skill level 5 in Throwing
 10467 | D:10     | Reached skill level 5 in Evocations
 10469 | D:10     | Killed an ogre mage
 10479 | D:10     | Killed a boulder beetle
 10505 | D:10     | HP: 1/76 [boulder beetle (29)]
 10518 | D:10     | HP: 3/72 [boulder beetle (4)]
 10523 | D:10     | Killed a boulder beetle
 10660 | D:10     | Reached XP level 10. HP: 51/82 MP: 15/15
 10927 | D:11     | Noticed a two-headed ogre
 10936 | D:11     | Killed a two-headed ogre
 11338 | D:11     | Noticed Lodul
 11354 | D:11     | Mangled by an ogre

Illustrated notes

Levels and vault maps discovered:
D:1:      minmay_arrival_arboretum_small, layout_basic
D:2:      layout_loops_corners, serial_shops, nicolae_shop_trees
D:3:      layout_rooms, mainiacjoe_overflow_24_doors,
          ebering_ecumenical_altar_box
D:4:      layout_loops_ring
D:5:      layout_layer_cave, tgw_kikubaaqudgha,
          nicolae_ru_great_annihilating_truth, minmay_temple_entry_waves,
          uniq_blork_the_orc
D:6:      layout_rooms, xom_butterflies, grunt_ministairs_8, st_stairs_4
D:7:      layout_basic, lemuel_doored_altar, grunt_ministairs_10
D:8:      layout_gridville, nrook_mini_vaults, chequers_serial_rivers_small_a,
          minmay_misc_feat_diagonals, minmay_shattered_shrine
D:9:      layout_gridville, mainiacjoe_overflow_boulevard, lair_entry_dummy,
          grunt_ministairs_2, nicolae_elemental_shop
D:10:     layout_basic, minivault_28
D:11:     layout_small_grid, uniq_lodul, uniq_erica, uniq_fannar
Temple:   nicolae_temple_x_marks_the_god

Skill      XL: |  1  2  3  4  5  6  7  8  9 10 |
---------------+-------------------------------+-----
Stealth        | 2 3 4 |  4.3
Unarmed Combat | 3 4 5 8 9 |  9.6
Dodging        | 3 4 5 8 9 |  9.3
Fighting       | 4 5 8 6 |  8.2
Spellcasting   | 3 |  3.5
Fire Magic     | 2 3 |  3.3
Short Blades   | 2 4 |  4.0
Throwing       | 5 6 |  6.0
Evocations     | 6 4 |  6.9

Action                   |  1- 3 |  4- 6 |  7- 9 | 10-12 || total
-------------------------+-------+-------+-------+-------++-------
Melee: Unarmed           |   143 |   123 |   630 |   155 ||  1051
       Kick              |    13 |       |       |       ||    13
       Punch             |     3 |     6 |    30 |     8 ||    47
       Headbutt          |       |       |    65 |    35 ||   100
Throw: Stone             |    14 |     4 |     1 |       ||    19
       Javelin           |       |       |     1 |       ||     1
       Throwing net      |       |       |     1 |       ||     1
 Cast: Foxfire           |       |     1 |    49 |    11 ||    61
Invok: Sacrifice Durabil |       |     1 |       |       ||     1
       Sacrifice Experie |       |       |     2 |       ||     2
       Power Leap        |       |       |     3 |     4 ||     7
       Draw Out Power    |       |       |     2 |       ||     2
       Apocalypse        |       |       |     1 |       ||     1
  Use: Scroll            |     7 |     7 |    16 |       ||    30
       Potion            |       |     5 |    23 |     2 ||    30
 Stab: Sleeping          |     1 |     2 |     2 |     2 ||     7
       Distracted        |       |     1 |     6 |     1 ||     8
       Paralysed         |       |       |     9 |       ||     9
       Invisible         |       |       |     1 |     4 ||     5
Armor: Robe              |    27 |    43 |    50 |       ||   120
       Skin              |       |     1 |    41 |       ||    42
       Leather armour    |       |       |   116 |    39 ||   155
Dodge: Dodged            |    83 |    97 |   500 |   155 ||   835
